 Dungeon Crawl Stone Soup version 0.30-a0-757-ga6a79fd877 (webtiles) character file.

Game seed: 15631883702251010466

154 Newt the Trooper (level 5, 0/36 HPs)
             Began as a Kobold Hunter on Feb 9, 2023.
             Slain by a river rat (4 damage)
             ... on level 3 of the Dungeon.
             The game lasted 00:03:03 (2314 turns).

Newt the Trooper (Kobold Hunter)                    Turns: 2314, Time: 00:03:03

Health: 0/36       AC:  0    Str:  6    XL:     5   Next: 63%
Magic:  5/5        EV: 20    Int: 11    God:
Gold:   137        SH:  0    Dex: 25    Spells: 4/4 levels left

rFire   . . .      SeeInvis .    (weapon currently unavailable)
rCold   . . .      Faith    .    (shield currently unavailable)
rNeg    . . .      Spirit   .    (body armour currently unavailable)
rPois   .          Reflect  .    (helmet currently unavailable)
rElec   .          Harm     .    (cloak currently unavailable)
rCorr   .          Rampage  .    (gloves currently unavailable)
Will    .....                    (boots currently unavailable)
Stlth   +++                      (no amulet)
HPRegen 0.26/turn                (ring currently unavailable)
MPRegen 0.09/turn                (ring currently unavailable)

@: bat-form (expiring), flying, very quick
A: fast, flying, no casting, tiny, no large weapons, nightstalker 3, (talons 1),
weak 1
a: no special abilities


You were on level 3 of the Dungeon.
You were a bat.
You visited 1 branch of the dungeon, and saw 3 of its levels.

You collected 137 gold pieces.

Inventory:

Hand Weapons
 a - a +1 shortbow (melded)
Armour
 c - a +0 leather armour (melded)
 f - a +2 helmet (melded)
Jewellery
 h - a +6 ring of dexterity (melded)
Scrolls
 b - 2 scrolls of immolation
 e - a scroll of teleportation


   Skills:
 + Level 5.9 Fighting
 - Level 5.3 Ranged Weapons
 - Level 2.4 Dodging
 - Level 1.3 Stealth


You had 4 spell levels left.
You didn't know any spells.
Your spell library contained the following spells:

 Spells                   Type           Power      Damage    Failure   Level
 Freeze                   Ice            0%         1d3       34%         1
 Call Canine Familiar     Summ           0%         N/A       71%         3
 Frozen Ramparts          Ice            0%         1d1       71%         3
 Hailstorm                Conj/Ice       0%         3d3       71%         3
 Portal Projectile        Hex/Tloc       0%         N/A       71%         3
 Leda's Liquefaction      Hex/Erth       0%         N/A       98%         4
 Conjure Ball Lightning   Conj/Air       0%         3x3d6     100%        6
 Discord                  Hex            0%         N/A       100%        8
 Disjunction              Tloc           0%         N/A       100%        8


Dungeon Overview and Level Annotations

Branches:
Dungeon (3/15)

Altars:
Okawaru
Uskayaw

Annotations:
D:2 1 runed translucent door, Crazy Yiuf
D:3 Sigmund


Innate Abilities, Weirdness & Mutations

You are a bat.
You are tiny and dextrous.
You move quickly.
You are flying.
Your equipment is almost entirely melded.
You are incapable of wielding weapons or throwing items.
You cannot cast spells.
You are small and have problems with some larger weapons.
You are completely attuned to the shadows.
((You have sharp toenails.))
You are weak. (Str -2)


Message History

You hit the river rat but do no damage. The river rat barely misses you.
You hit the river rat but do no damage. The river rat bites you!
You closely miss the river rat. The river rat bites you!
You hit the river rat but do no damage. The river rat bites you!
* * * LOW HITPOINT WARNING * * *
You closely miss the river rat. The river rat completely misses you.
You hit the river rat.
The river rat is lightly wounded.
The river rat completely misses you.
You aren't carrying any potions.
You swing at nothing.
You hit the river rat.
The river rat is lightly wounded.
The river rat completely misses you.
You hit the river rat but do no damage.
The river rat is lightly wounded.
You barely miss the river rat.
The river rat is lightly wounded.
The river rat completely misses you.
You hit the river rat but do no damage.
The river rat is lightly wounded.
The river rat completely misses you.
You hit the river rat but do no damage.
The river rat is lightly wounded.
Your transformation is almost over.
The river rat closely misses you.
You hit the river rat but do no damage.
The river rat is lightly wounded.
The river rat completely misses you.
You completely miss the river rat.
The river rat is lightly wounded.
The river rat bites you.
* * * LOW HITPOINT WARNING * * *
You hit the river rat but do no damage.
The river rat is lightly wounded.
The river rat misses you.
You hit the river rat but do no damage.
The river rat is lightly wounded.
The river rat bites you.
You die...

#...############
#!...#~~~#~~{~rb#
#...~#~#~#~######
#...~#~#~#~#~~r~
...~~w{#~~~†~#
#.ww#~#~#####
#..~~~#~w
#.(.#~### #
#..w~~# # #...~~#


You could see a river rat.

Vanquished Creatures
  An orc priest (D:2)
  Ijyb (D:2)
  Robin (D:2)
  An adder (D:2)
  2 dart slugs
  4 orcs
  6 ball pythons
  2 bats
  3 endoplasms (D:2)
  5 giant cockroaches
  12 goblins
  10 hobgoblins
  2 jackals (D:1)
  4 frilled lizards
  5 kobolds
  8 rats
67 creatures vanquished.

Notes
Turn   | Place    | Note
-------+----------+-------------------------------------------
     0 | D:1      | Newt the Kobold Hunter began the quest for the Orb.
     0 | D:1      | Reached XP level 1. HP: 12/12 MP: 1/1
   157 | D:1      | Reached XP level 2. HP: 17/18 MP: 2/2
   344 | D:1      | Reached XP level 3. HP: 21/23 MP: 3/3
   514 | D:1      | Found a faded altar of an unknown god.
  1015 | D:2      | Reached XP level 4. HP: 26/30 MP: 4/4
  1237 | D:2      | Reached skill level 5 in Fighting
  1405 | D:2      | Found an iron altar of Okawaru.
  1437 | D:2      | Noticed Robin
  1464 | D:2      | Reached XP level 5. HP: 24/35 MP: 5/5
  1472 | D:2      | Killed Robin
  1573 | D:2      | Found a runed translucent door.
  1576 | D:2      | Noticed Crazy Yiuf
  1915 | D:3      | Noticed Ijyb
  1930 | D:2      | Gained mutation: You are weak. (Str -2) [potion of
                  | mutation]
  1930 | D:2      | Gained mutation: You have sharp toenails. [potion of
                  | mutation]
  1934 | D:2      | Killed Ijyb
  2142 | D:3      | Found a hide-covered altar of Uskayaw.
  2180 | D:3      | Noticed Sigmund
  2314 | D:3      | Slain by a river rat

Illustrated notes

Levels and vault maps discovered:
D:1:      dpeg_arrival_rhombi, layout_basic, ebering_ecumenical_altar_box
D:2:      layout_rooms, basic_altar, uniq_robin, uniq_crazy_yiuf_cottage
D:3:      layout_loops_ring, mainiacjoe_overflow_small_starburst,
          lightli_sewer_entry_pipes, st_stairs_13, grunt_ministairs_9,
          uniq_ijyb, uniq_sigmund

Skill      XL: |  1  2  3  4 |
---------------+-------------+-----
Fighting       | 3 4 5 |  5.9
Ranged Weapons | |  5.3
Dodging        | |  2.4
Stealth        | |  1.3

Action                     |  1- 3 |  4- 6 || total
---------------------------+-------+-------++-------
  Melee: Unarmed           |       |    18 ||    18
         Shortbow          |       |     1 ||     1
   Fire: Shortbow          |    81 |    79 ||   160
    Use: Scroll            |     5 |     1 ||     6
         Potion            |       |     3 ||     3
   Stab: Sleeping          |       |     1 ||     1
 Armour: Leather armour    |     8 |    22 ||    30
         Skin              |       |     1 ||     1
  Dodge: Dodged            |    35 |    98 ||   133

Table legend: (Time is in decaauts)
 A = Elapsed time spent in this place.
 B = Non-inter-level travel time spent in this place.
 C = Inter-level travel time spent in this place.
 D = Time resting spent in this place.
 E = Time spent auto-exploring this place.
 F = Levels seen in this place.
 G = Mean time per level.
                   A        B        C        D        E       F      G
               +--------+--------+--------+--------+--------+-----+--------+
         Total |   2358 |   2323 |     35 |    344 |   1489 |   3 |  786.0 |
       Dungeon |   2358 |   2323 |     35 |    344 |   1489 |   3 |  786.0 |
               +--------+--------+--------+--------+--------+-----+--------+

Top non-repeatable levels by time:
     D:1: 1125 daAuts
     D:2: 881 daAuts
     D:3: 351 daAuts
